AoeStats
← keeperoftheden

Arabia

507713246Analyzed
3v3 RM · 13d ago on Sep 19, 2026· 52m 13s· 6 players
Game mode
Random Map
Map size
Normal (6 player)
Population
200
Speed
Normal
Resources
Standard
Victory
Conquest
Starting age
Dark Age
Ending age
Imperial Age
RankedLock teamsTeams togetherTeam positionsShared explorationLock speedFull tech treeHidden civsTurbo modeCheats
Victory
Defeat
🇹🇷 Tatars · Türkiye
1006
+17
🇩🇪 Turks · Germany
932
+20
🇦🇷 Hindustanis · Argentina
928
+19
🇦🇺 Vikings · Australia
1058
-20
🇦🇺 Bulgarians · Australia
1056
-20
🇦🇺 Burmese · Australia
944
-16
Killphil
11:24 Feudal Age
17:35 Castle Age
16:05 Padded Archer Armor
15:53 Horse Collar
16:10 Double-Bit Axe
19:42 Bow Saw
20:03 Gold Mining
21:03 Wheelbarrow
24:12 Heavy Plow
25:43 Hand Cart
26:36 Ballistics
29:05 Leather Archer Armor
33:55 Imperial Age
33:51 Gold Shaft Mining
33:07 Stone Mining
34:10 Fletching
34:59 Bombard Tower
35:28 Caravan
38:07 Ring Archer Armor
37:40 Artillery
41:22 Conscription
41:01 Elite Janissary
47:12 Two-Man Saw
50:26 Bodkin Arrow
50:42 Forging
50:37 Scale Barding Armor
50:33 Scale Mail Armor
50:41 Squires
AveMiller
2:50 Loom
9:40 Feudal Age
10:27 Double-Bit Axe
16:56 Wheelbarrow
21:01 Castle Age
28:29 Horse Collar
33:07 Gold Mining
34:34 Hand Cart
38:59 Imperial Age
36:53 Masonry
37:06 Fletching
38:30 Bodkin Arrow
39:06 Scale Mail Armor
40:44 Chemistry
40:17 Chain Mail Armor
40:52 Elite Ghulam
41:53 Conscription
41:49 Padded Archer Armor
42:04 Heavy Plow
42:40 Conscription
42:23 Grand Trunk Road
42:47 Conscription
43:15 Shatagni
44:26 Leather Archer Armor
44:41 Conscription
45:28 Bracer
46:12 Bow Saw
46:34 Ring Archer Armor
47:37 Thumb Ring
49:53 Forging
51:56 Iron Casting
Grim
10:44 Feudal Age
12:16 Wheelbarrow
13:21 Double-Bit Axe
18:53 Castle Age
18:01 Forging
18:04 Horse Collar
19:03 Scale Barding Armor
23:46 Bloodlines
24:20 Heavy Plow
26:45 Iron Casting
27:58 Bow Saw
29:34 Hand Cart
32:12 Gold Mining
34:20 Gold Shaft Mining
35:08 Chain Barding Armor
37:06 Stone Mining
46:03 Imperial Age
47:06 Block Printing
48:06 Blast Furnace
48:05 Husbandry
49:21 Silk Armor
50:16 Conscription
51:01 Crop Rotation
50:45 Elite Keshik
keeperoftheden
7:40 Loom
10:30 Feudal Age
12:10 Man-at-Arms
12:39 Horse Collar
14:19 Scale Mail Armor
14:31 Forging
21:08 Castle Age
20:18 Double-Bit Axe
21:13 Long Swordsman
21:38 Gambesons
21:54 Squires
22:33 Chain Mail Armor
23:30 Iron Casting
24:20 Arson
30:23 Stone Mining
35:06 Fletching
35:30 Chieftains
36:27 Bodkin Arrow
39:23 Imperial Age
36:40 Town Watch
37:17 Gold Mining
38:13 Bow Saw
39:48 Heavy Plow
39:32 Two-Handed Swordsman
40:40 Conscription
40:30 Champion
42:20 Plate Mail Armor
42:39 Town Patrol
42:58 Elite Skirmisher
43:49 Bracer
45:19 Conscription
45:49 Padded Archer Armor
46:49 Blast Furnace
47:03 Leather Archer Armor
47:45 Ballistics
48:25 Chemistry
gawkydesigns
6:47 Loom
9:20 Feudal Age
16:14 Castle Age
17:51 Double-Bit Axe
19:20 Squires
19:09 Gambesons
19:51 Horse Collar
21:05 Scale Mail Armor
26:02 Pikeman
37:07 Stone Mining
39:08 Town Watch
40:02 Wheelbarrow
41:20 Heavy Plow
45:36 Gold Mining
47:49 Hand Cart
48:02 Arson
e_robbo
1:01 Loom
11:53 Feudal Age
15:51 Horse Collar
19:05 Castle Age
18:20 Gold Mining
20:27 Heavy Plow
24:30 Husbandry
24:42 Bloodlines
25:36 Forging
25:29 Scale Mail Armor
25:34 Scale Barding Armor
26:57 Wheelbarrow
31:33 Manipur Cavalry
33:36 Devotion
38:06 Imperial Age
36:34 Fervor
36:46 Sanctity
38:48 Hand Cart
38:23 Elite Battle Elephant
42:17 Iron Casting
42:03 Chain Barding Armor
41:52 Cavalier
43:34 Conscription
44:11 Block Printing
44:33 Theocracy
44:24 Faith
43:58 Town Watch
47:07 Howdah
Connection lost

Rejoining the realm…

Still unreachable

The connection could not be restored.

Session expired

The server has moved on; the page needs a fresh start.